 Dungeon Crawl Stone Soup version 0.28.0-47-ge53b351184 (webtiles) character file.

Game seed: 12357122881939132405

32 joe1234567 the Sneak (level 3, 0/27 HPs)
             Began as a Vampire Brigand on May 8, 2022.
             Constricted to death by a ball python (1 damage)
             ... on level 1 of the Dungeon.
             The game lasted 00:02:53 (560 turns).

joe1234567 the Sneak (Vampire Brigand)               Turns: 560, Time: 00:02:54

Health: 0/27       AC:  4    Str: 10    XL:     3   Next: 10%
Magic:  3/3        EV:  8    Int: 13    God:
Gold:   8          SH:  0    Dex: 17    Spells: 2/2 levels left

rFire   . . .      SeeInvis +   f - staff of earth
rCold   . . .      Faith    .   (no shield)
rNeg    . . .      Spirit   .   g - +0 leather armour
rPois   .          Reflect  .   (no helmet)
rElec   .          Harm     .   c - +0 cloak
rCorr   .          Rampage  .   (no gloves)
Will    .....                   (no boots)
Stlth   +++.......              (no amulet)
HPRegen 0.29/turn               (no ring)
MPRegen 0.08/turn               (no ring)

@: healing quickly, constricted
A: alive, fangs 3, see invisible, vampiric 2
a: Exsanguinate


You were on level 1 of the Dungeon.
You visited 1 branch of the dungeon, and saw 1 of its levels.

You collected 8 gold pieces.

Inventory:

Hand Weapons
 a - a +2 dagger
Missiles
 d - 8 poisoned darts (quivered)
 e - 2 curare-tipped darts
Armour
 b - a +0 robe
 c - a +0 cloak (worn)
 g - a +0 leather armour (worn)
Magical Staves
 f - a staff of earth (weapon)
Potions
 h - a potion of lignification {unknown}
 i - a potion of curing {unknown}


   Skills:
 + Level 2.0 Fighting
 + Level 2.4 Short Blades
 + Level 1.7 Throwing
 + Level 1.2 Dodging
 + Level 7.0 Stealth


You had 2 spell levels left.
You didn't know any spells.
Your spell library was empty.

Dungeon Overview and Level Annotations

Branches:
Dungeon (1/15)

Altars:


Innate Abilities, Weirdness & Mutations

Your natural rate of healing is accelerated.
You have razor-sharp teeth.
You have supernaturally acute eyesight. (SInv)
You are afflicted with vampirism and can become a bat while bloodless.


Message History

You are frozen.
* * * LOW HITPOINT WARNING * * *
You hit the jackal.
You kill the jackal!
The jackal bites you but does no damage.
The endoplasm barely misses you.
You hit the jackal but do no damage. The jackal closely misses you.
The endoplasm freezes you.
You are frozen.
* * * LOW HITPOINT WARNING * * *
The jackal bites you.
* * * LOW HITPOINT WARNING * * *
You hit the jackal.
The jackal is almost dead.
The jackal barely misses you.
The endoplasm jiggles.
The endoplasm hits you.
* * * LOW HITPOINT WARNING * * *
You hit the jackal.
You kill the jackal!
The endoplasm closely misses you.
You hit the endoplasm.
The endoplasm is severely wounded.
The endoplasm closely misses you.
You hit the endoplasm.
You kill the endoplasm!
The ball python bites you but does no damage.
The ball python grabs you. The ball python constricts you.
* * * LOW HITPOINT WARNING * * *
You hit the ball python.
The ball python is moderately wounded.
The ball python bites you but does no damage.
The ball python constricts you.
You barely miss the ball python. Your bite misses the ball python.
The ball python is moderately wounded.
The ball python completely misses you. The ball python constricts you.
The ball python bites you.
* * * LOW HITPOINT WARNING * * *
The ball python constricts you.
You die...

#.## #.# #.# #.# ##'##
#.# #.# ##...## #..
#.#### ##.....## ####
#....#
##.....(.######..#..
#..♣.♣
#...................
..♣..♣
+.....##.##.....##.#
..♣..P♣#...###.#.##)#.##
..♣PP.♣##.. :..#@S.###..
..♣ .♣♣ #..###.#.##.#
##.# ..♣P.P #.. ##.##
... .# ...♣ ## ... .....
. #.## .### ###.... ###
# .### ## ## # .#
#####...# .### #.......!


You could see a ball python.

Vanquished Creatures
  A dart slug (D:1)
  3 ball pythons (D:1)
  2 endoplasms (D:1)
  A giant cockroach (D:1)
  2 goblins (D:1)
  3 hobgoblins (D:1)
  7 jackals (D:1)
  2 bats (D:1)
  5 rats (D:1)
26 creatures vanquished.

Vanquished Creatures (others)
  A plant (D:1)
1 creature vanquished.

Grand Total: 27 creatures vanquished

Notes
Turn   | Place    | Note
-------+----------+-------------------------------------------
     0 | D:1      | joe1234567 the Vampire Brigand began the quest for the Orb.
     0 | D:1      | Reached XP level 1. HP: 16/16 MP: 1/1
    25 | D:1      | Reached skill level 6 in Stealth
    72 | D:1      | Reached XP level 2. HP: 15/22 MP: 2/2
   466 | D:1      | Reached skill level 7 in Stealth
   546 | D:1      | Gained mutation: You are afflicted with vampirism and can
                  | become a bat while bloodless. [Vampire growth]
   546 | D:1      | Reached XP level 3. HP: 17/27 MP: 3/3
   560 | D:1      | HP: 1/27 [ball python (3)]
   560 | D:1      | Constricted to death by a ball python

Illustrated notes

Levels and vault maps discovered:
D:1:      eino_arrival_water_star, layout_loops_corners, serial_forest,
          infiniplex_forest_end_double, infiniplex_forest_clump_diagonal,
          infiniplex_forest_end_1, infiniplex_forest_straight_4,
          infiniplex_forest_end_1, infiniplex_forest_straight_4,
          serial_park_tiny_1, minmay_ruptured

Skill      XL: |  1  2 |
---------------+-------+-----
Stealth        | 6 7 |  7.0
Fighting       | 2 |  2.0
Short Blades   | |  2.4
Throwing       | |  1.7
Dodging        | |  1.2

Action                   || total
-------------------------++-------
Melee: Dagger            ||    26
       Staff             ||    45
       Bite              ||     4
       Punch             ||     1
Throw: Dart              ||     3
 Stab: Sleeping          ||     7
Armor: Robe              ||     2
       Leather armour    ||    19
Dodge: Dodged            ||    56
